 Dungeon Crawl Stone Soup version 0.31-a0-692-gf03d1854d5 (webtiles) character file.

Game seed: 17370003426818971127

735 qw the Skirmisher (level 7, -1/44 HPs)
             Began as a Gargoyle Hunter on Sept 6, 2023.
             Was an Initiate of Okawaru.
             Slain by a black bear (8 damage)
             ... on level 5 of the Dungeon.
             The game lasted 00:01:09 (2607 turns).

qw the Skirmisher (Gargoyle Hunter)                 Turns: 2607, Time: 00:01:09

Health: -1/44      AC: 13    Str: 15    XL:     7   Next: 74%
Magic:  7/7        EV: 11    Int:  9    God:    Okawaru [......]
Gold:   185        SH:  0    Dex: 15    Spells: 6/6 levels left

rFire   . . .        Y - +1 shortbow
rCold   . . .        (shield currently unavailable)
rNeg    + . .        i - +0 ring mail
rPois   inf          m - +0 helmet
rElec   +            h - +0 cloak
rCorr   .            (no gloves)
SInv    .            d - +0 pair of boots
Will    +....        (no amulet)
Stlth   +            e - ring of willpower
HPRegen 0.27/turn    k - +4 ring of slaying {mikee}
MPRegen 0.10/turn

%: no passive effects
@: about to teleport
A: sickness immunity, AC +4, negative energy resistance 1, electricity
resistance, torment resistance 1, petrification resistance
a: Renounce Religion


You were on level 5 of the Dungeon.
You worshipped Okawaru.
Okawaru was noncommittal.
You visited 2 branches of the dungeon, and saw 6 of its levels.

You collected 185 gold pieces.


Innate Abilities, Weirdness & Mutations

You are immune to sickness and miasma.
Your stone body is resilient. (AC +4)
You are immune to poison.
You resist negative energy. (rN+)
You are resistant to electric shocks. (rElec)
You are resistant to unholy torment.
You are immune to petrification.


   Skills:
 + Level 4.4 Fighting
 - Level 8.1 Ranged Weapons
 - Level 2.4 Armour
 - Level 1.5 Dodging
 - Level 1.1 Stealth


You had 6 spell levels left.
You didn't know any spells.
Your spell library was empty.

Inventory:

Hand Weapons
 Y - a +1 shortbow (weapon)
Armour
 d - a +0 pair of boots (worn)
 h - a +0 cloak (worn)
 i - a +0 ring mail (worn)
 m - a +0 helmet (worn)
Jewellery
 e - a ring of willpower (left hand)
 k - a +4 ring of slaying (right hand) {mikee}
Scrolls
 g - a scroll of identify
 j - a scroll of revelation {unknown}
 l - a scroll of teleportation
Potions
 a - a potion of mutation
 b - a potion of degeneration {unknown}
 c - a potion of curing {unknown}
 f - a potion of might {unknown}

Dungeon Overview and Level Annotations

Branches:
Dungeon (5/15)             Temple (1/1) D:5

Altars:
Ashenzari
Cheibriados
Dithmenos
Elyvilon
Fedhas
Hepliaklqana
Kikubaaqudgha
Makhleb
Nemelex Xobeh
Okawaru
Qazlal
Ru
Sif Muna
Trog
Uskayaw
Vehumet
Wu Jian
Xom
The Shining One

Annotations:
D:3 1 runed translucent door, Crazy Yiuf
D:4 1 runed translucent door, qw's ghost, amateur GrHu
D:5 2 transporters, qw's ghost, amateur GrHu


Message History

Okawaru accepts your kill. The orc hits you but does no damage.
You shoot an arrow. The arrow hits the black bear!
The black bear is heavily wounded.
The black bear bites you but does no damage.
The black bear closely misses you.
The black bear claws you but does no damage.
The orc hits you but does no damage.
You shoot an arrow. The arrow hits the black bear.
The black bear is severely wounded.
The black bear bites you but does no damage.
The black bear claws you but does no damage. x2
The orc hits you from afar with a +0 trident.
You shoot an arrow.
The arrow closely misses the black bear.
The black bear bites you.
The black bear claws you but does no damage.
The black bear claws you. The orc barely misses you.
You shoot an arrow. The arrow hits the black bear.
The black bear is almost dead.
The black bear goes berserk!
The orc hits you from afar with a +0 trident.
2605 ||| READING 2 scrolls of teleportation.
As you read the scroll of teleportation, it crumbles to dust.
You feel strangely unstable.
The black bear bites you but does no damage.
The black bear closely misses you.
The black bear claws you but does no damage.
The orc barely misses you. The black bear completely misses you.
The black bear claws you. The black bear barely misses you.
You shoot an arrow.
The arrow completely misses the black bear.
The black bear bites you.
The black bear claws you but does no damage. x2
The orc closely misses you.
The black bear bites you but does no damage.
The black bear misses you. The black bear closely misses you.
You shoot an arrow. The arrow barely misses the black bear.
The orc barely misses you. The black bear bites you!
You die...

##############
#............#
#.##########.#
####.##########.######
#......oh............#
........##.#@#####..###.#
####.#..#.###.# #..# #.#
#......# #..##..###.####
.......# .#...........#
.##5....# ##...###.##.#
.......# ##..# #.##.#
........ ##.. #.##.#
.#.##.##.# #.##.##.##


You could see a black bear (berserk) and an orc.

Vanquished Creatures
  2 black bears
  A phantom (D:4)
  A scorpion (D:5)
  An orc priest (D:5)
  2 hounds (D:4)
  Ijyb (D:3)
  An orc wizard (D:3)
  2 sleepcaps
  Terence (D:3)
  6 gnolls
  5 adders
  An ufetubus (D:4)
  3 worms
  3 dart slugs
  12 orcs
  4 ball pythons
  2 bats (D:3)
  5 endoplasms
  4 giant cockroaches
  10 goblins
  6 hobgoblins
  3 kobolds
  2 quokkas
  3 frilled lizards (D:3)
  9 rats
90 creatures vanquished.

Notes
Turn   | Place    | Note
-------+----------+-------------------------------------------
     0 | D:1      | qw the Gargoyle Hunter began the quest for the Orb.
     0 | D:1      | Reached XP level 1. HP: 12/12 MP: 1/1
     0 | D:1      | 0 ||| qw: Version: 0.3-a-76-g4403597
     0 | D:1      | 0 ||| qw: Game counter: 182
     0 | D:1      | 0 ||| qw: Melee chars always use a shield: true
     0 | D:1      | 0 ||| qw: God list: Okawaru
     0 | D:1      | 0 ||| qw: Allow faded altars: false
     0 | D:1      | 0 ||| qw: Do Orc after clearing Dungeon:15 true
     0 | D:1      | 0 ||| qw: Do second Lair branch before Depths: true
     0 | D:1      | 0 ||| qw: Lair rune preference: random
     0 | D:1      | 0 ||| qw: Goals: Normal
     0 | D:1      | 0 ||| PLANNING D:1-11
    42 | D:1      | Reached XP level 2. HP: 17/17 MP: 2/2
   150 | D:1      | Reached skill level 5 in Ranged Weapons
   150 | D:1      | Reached XP level 3. HP: 21/21 MP: 3/3
   490 | D:1      | 490 ||| UPGRADING to ring of willpower.
   491 | D:1      | 491 ||| READING scroll labelled IDAEZX KUFRAP.
   492 | D:1      | 492 ||| READING scroll labelled OKAIBI AGASUNU.
   493 | D:1      | 493 ||| DROPPING scroll of butterflies.
   544 | D:2      | Reached skill level 3 in Fighting
   552 | D:2      | Reached XP level 4. HP: 28/28 MP: 4/4
   974 | D:2      | 974 ||| UPGRADING to +0 pair of boots.
   979 | D:2      | 979 ||| UPGRADING to +0 cloak.
   984 | D:2      | 984 ||| UPGRADING to +4 ring of slaying {mikee}.
   985 | D:2      | 985 ||| READING scroll labelled TAROER MARIPPEFA.
   990 | D:2      | 990 ||| READING scroll labelled DOCLIK RABREI.
   991 | D:2      | 991 ||| READING scroll labelled CIYLIR RASECIB.
  1012 | D:2      | 1012 ||| READING scroll labelled DATHIU ZEHESH.
  1052 | D:3      | Found a runed translucent door.
  1053 | D:3      | Noticed Crazy Yiuf
  1131 | D:3      | Noticed Terence
  1136 | D:3      | Killed Terence
  1137 | D:3      | Reached skill level 1 in Armour
  1169 | D:3      | Reached XP level 5. HP: 31/32 MP: 5/5
  1348 | D:3      | Noticed Ijyb
  1349 | D:3      | 1349 ||| Stepping ~*~*~tactically~*~*~ (outnumbered).
  1352 | D:3      | Reached skill level 6 in Ranged Weapons
  1355 | D:3      | 1355 ||| Stepping ~*~*~tactically~*~*~ (outnumbered).
  1358 | D:3      | 1358 ||| FLEEEEING.
  1403 | D:3      | Killed Ijyb
  1420 | D:3      | Reached XP level 6. HP: 31/38 MP: 6/6
  1615 | D:3      | 1615 ||| UPGRADING to +0 ring mail.
  1625 | D:3      | 1625 ||| DROPPING +0 leather armour.
  1626 | D:3      | 1626 ||| UPGRADING to +0 helmet.
  1631 | D:3      | 1631 ||| READING scroll labelled WOMANN DAKHLOGH.
  1632 | D:3      | 1632 ||| READING 2 scrolls of identify.
  1632 | D:3      | 1632 ||| IDENTIFYING metallic cyan potion
  1660 | D:4      | Found a blossoming altar of Fedhas.
  1904 | D:4      | Noticed a black bear
  1912 | D:4      | Killed a black bear
  1915 | D:4      | Reached skill level 7 in Ranged Weapons
  2064 | D:4      | Reached XP level 7. HP: 43/43 MP: 7/7
  2176 | D:4      | Found a runed translucent door.
  2215 | D:4      | Noticed qw's ghost (amateur GrHu)
  2401 | D:5      | Entered Level 5 of the Dungeon
  2432 | D:5      | Noticed qw's ghost (amateur GrHu)
  2433 | D:5      | Found a transporter.
  2435 | D:5      | Found a transporter.
  2441 | D:5      | Identified the +3 dire flail of Tuotirph {flame, rElec rF-
                  | Int+5 SInv}
  2464 | D:5      | Found a staircase to the Ecumenical Temple.
  2465 | D:5      | 2465 ||| PLANNING TEMPLE
  2484 | Temple   | Entered the Ecumenical Temple
  2485 | Temple   | 2485 ||| PLANNING OKAWARU WORSHIP
  2491 | Temple   | Became a worshipper of Warmaster Okawaru
  2492 | Temple   | 2492 ||| PLANNING D:1-11
  2578 | D:5      | 2578 ||| RETREATING.
  2580 | D:5      | 2580 ||| FLEEEEING.
  2582 | D:5      | 2582 ||| Stepping ~*~*~tactically~*~*~ (outnumbered).
  2591 | D:5      | Reached skill level 8 in Ranged Weapons
  2592 | D:5      | 2592 ||| Stepping ~*~*~tactically~*~*~ (retreating).
  2593 | D:5      | 2593 ||| Stepping ~*~*~tactically~*~*~ (retreating).
  2594 | D:5      | 2594 ||| Stepping ~*~*~tactically~*~*~ (retreating).
  2604 | D:5      | HP: 11/44 [orc/+0 trident (6)]
  2605 | D:5      | 2605 ||| READING 2 scrolls of teleportation.
  2607 | D:5      | Slain by a black bear

Levels and vault maps discovered:
D:1:      dpeg_arrival_ratfight, layout_basic
D:2:      layout_rooms
D:3:      layout_basic, serial_bayou_ford_a, nicolae_grassy_gnolls, uniq_ijyb,
          uniq_crazy_yiuf_cottage, uniq_terence
D:4:      nicolae_cairo_tiling_large, layout_gridville, old_standard_altar,
          ebering_ghost_sewer_d, minmay_misc_feat_x
D:5:      layout_loops_ring, minmay_temple_entry_waves, gammafunk_ghost_smash,
          minmay_manual_mess
Temple:   hc_temple_tempest_star

Skill      XL: |  1  2  3  4  5  6  7 |
---------------+----------------------+-----
Ranged Weapons | 5 6 7 8 |  8.1
Fighting       | 3 4 |  4.4
Armour         | 1 2 |  2.4
Dodging        | |  1.5
Stealth        | |  1.1

Action                     |  1- 3 |  4- 6 |  7- 9 || total
---------------------------+-------+-------+-------++-------
   Fire: Shortbow          |    61 |   149 |    47 ||   257
    Use: Scroll            |     2 |     6 |     1 ||     9
 Armour: Leather armour    |     4 |    13 |       ||    17
         Ring mail         |       |    24 |    35 ||    59
  Dodge: Dodged            |     6 |    23 |    35 ||    64

Table legend:
 A = Non-vault XP
 B = Vault XP
 C = Vault XP percentage of total XP
 D = Non-vault monster count
 E = Vault monster count
 F = Vault count percentage of total count
                 A         B        C        D         E       F
            +---------+---------+-------+---------+---------+-------
      Total |     922 |     129 |  12.3 |      79 |      11 |  12.2
            +---------+---------+-------+---------+---------+-------
        D:1 |      51 |       5 |   8.9 |      14 |       5 |  26.3
        D:2 |      51 |       0 |   0.0 |      11 |       0 |   0.0
        D:3 |     127 |     124 |  49.4 |      27 |       6 |  18.2
        D:4 |     375 |       0 |   0.0 |      19 |       0 |   0.0
        D:5 |     318 |       0 |   0.0 |       8 |       0 |   0.0
            +---------+---------+-------+---------+---------+-------
